ORI
UNIVERSITY OF NEBRASKA CORNHUSKERS @ OREGON STATE UNIVERSITY BEAVERS
09/23/2048
 
TOP OF THE 1ST
University of Nebraska Cornhuskers batting - Pitching for Oregon State University Beavers : RHP Rimbo Zhu
Pitching: RHP Rimbo Zhu
Batting: RHB Mario Lopec 0-0: SINGLE (Groundball, 56D, EV 98.8 MPH)
Batting: RHB Danny Forbes 0-0: Fly out, F7 (Flyball, 7, EV 86.9 MPH)
Batting: RHB Zion Jones 0-0: Ball
Mario Lopec steals 2nd base
1-0: Called Strike
1-1: Called Strike
1-2: Ball
2-2: Ball
3-2: SINGLE (Flyball, 6MD, EV 87.5 MPH)
Mario Lopec to third
Batting: LHB Jose Gonzalez 0-0: Ball
Zion Jones steals 2nd base
1-0: SINGLE (Groundball, 4MD, EV 99.4 MPH)
Mario Lopec scores
Zion Jones to third
Runner from 3rd tries for Home, SAFE, throw by CF to home
Batting: RHB Chris Anthony 0-0: Fielders Choice at 2nd, 6-4 (Groundball, 6, EV 81.2 MPH)
Batting: LHB Bob Appleby 0-0: Called Strike
Chris Anthony steals 2nd base (no throw)
0-1: Foul Ball, location: 2F
0-2: Ball
1-2: Hit by Pitch
Batting: LHB Mike Rawson 0-0: Ball
1-0: Ground out 4-3 (Groundball, 4, EV 93.1 MPH)
Top of the 1st over - 2 runs, 3 hits, 0 errors, 2 left on base; University of Nebraska 2 - Oregon State University 0
BOTTOM OF THE 1ST
Oregon State University Beavers batting - Pitching for University of Nebraska Cornhuskers : RHP Jimmy Fritcher
Pitching: RHP Jimmy Fritcher
Batting: LHB Sun-wei Kuai 0-0: Called Strike
0-1: Ball
1-1: Ball
2-1: Ground out 5-3 (Groundball, 5S, EV 79.4 MPH)
Batting: RHB Yasuyuki Moriyama 0-0: Swinging Strike
0-1: Ball
1-1: Foul Ball, location: 2F
1-2: Ground out 4-3 (Groundball, 4, EV 85.6 MPH)
Batting: RHB Luis Flores 0-0: Ball
1-0: SOLO HOME RUN (Flyball, 7LD, EV 98.8 MPH), Distance : 382 ft
Batting: RHB Steve Webb 0-0: Ball
1-0: Foul Ball, location: 2F
1-1: Ball
2-1: Foul Ball, location: 2F
2-2: Fly out, F8 (Flyball, 8RM, EV 88.8 MPH)
Bottom of the 1st over - 1 run, 1 hit, 0 errors, 0 left on base; University of Nebraska 2 - Oregon State University 1
TOP OF THE 2ND
University of Nebraska Cornhuskers batting - Pitching for Oregon State University Beavers : RHP Rimbo Zhu
Batting: RHB Tariq Garane 0-0: Called Strike
0-1: Called Strike
0-2: Foul Ball, location: 2F
0-2: Foul Ball, location: 2F
0-2: Strikes out swinging
Batting: SHB Phil Roper 0-0: Called Strike
0-1: Called Strike
0-2: Ball
1-2: Ball
2-2: Foul Ball, location: 2F
2-2: Ball
3-2: Strikes out swinging
Batting: RHB Mario Lopec 0-0: Swinging Strike
0-1: Foul Ball, location: 2F
0-2: Fly out, F9 (Flyball, 9D, EV 86.2 MPH)
Top of the 2nd over - 0 runs, 0 hits, 0 errors, 0 left on base; University of Nebraska 2 - Oregon State University 1
BOTTOM OF THE 2ND
Oregon State University Beavers batting - Pitching for University of Nebraska Cornhuskers : RHP Jimmy Fritcher
Batting: RHB Willie Lopez 0-0: Foul Ball, location: 2F
0-1: Ball
1-1: SINGLE (Groundball, 34D, EV 103.8 MPH)
Batting: LHB Jason Trevarrow 0-0: Ball
1-0: Foul Ball, location: 2F
1-1: Ball
2-1: Ball
3-1: Called Strike
3-2: Strikes out swinging
Willie Lopez is caught stealing 2nd base 2-6
Batter strikes out.
Batting: LHB Jon Hamilton 0-0: Ball
1-0: Called Strike
1-1: Ball
2-1: Ball
3-1: Foul Ball, location: 2F
3-2: Foul Ball, location: 2F
3-2: Foul Ball, location: 2F
3-2: Foul Ball, location: 2F
3-2: Strikes out swinging
Bottom of the 2nd over - 0 runs, 1 hit, 0 errors, 0 left on base; University of Nebraska 2 - Oregon State University 1
TOP OF THE 3RD
University of Nebraska Cornhuskers batting - Pitching for Oregon State University Beavers : RHP Rimbo Zhu
Batting: RHB Danny Forbes 0-0: Ball
1-0: Called Strike
1-1: SINGLE (Groundball, 6MD, EV 95.0 MPH)
Batting: RHB Zion Jones 0-0: Ball
1-0: Foul Ball, location: 2F
1-1: Ball
2-1: Foul Ball, location: 2F
2-2: SINGLE (Groundball, 34D, EV 95.6 MPH)
Danny Forbes to second
Runner from 2nd tries for 3rd, SAFE, no throw by RF
Batting: LHB Jose Gonzalez 0-0: Fly out, F8 (Flyball, 8RD, EV 102.5 MPH)
Runner from 3rd tags up, SCORES, throw by CF
Batting: RHB Chris Anthony 0-0: Called Strike
Zion Jones is caught stealing 2nd base 2-4
0-1: Ball
1-1: Ground out 1-3 (Groundball, 13S, EV 64.4 MPH)
Top of the 3rd over - 1 run, 2 hits, 0 errors, 0 left on base; University of Nebraska 3 - Oregon State University 1
BOTTOM OF THE 3RD
Oregon State University Beavers batting - Pitching for University of Nebraska Cornhuskers : RHP Jimmy Fritcher
Batting: SHB Sosaia Apelahama 0-0: Foul Ball, location: 2F
0-1: Ball
1-1: Ball
2-1: Ball
3-1: Base on Balls
Batting: RHB Kali Kartosuwiryo 0-0: Called Strike
0-1: Ball
1-1: Called Strike
1-2: Ball
2-2: Foul Ball, location: 2F
2-2: Fielders Choice at 2nd, 3-6 (Groundball, 23, EV 84.4 MPH)
Batting: LHB Sun-wei Kuai 0-0: Ball
1-0: Swinging Strike
1-1: Called Strike
1-2: Ball
2-2: Strikes out swinging
Batting: RHB Yasuyuki Moriyama 0-0: Ball
1-0: Swinging Strike
1-1: Foul Ball, location: 2F
1-2: Strikes out swinging
Bottom of the 3rd over - 0 runs, 0 hits, 0 errors, 1 left on base; University of Nebraska 3 - Oregon State University 1
TOP OF THE 4TH
University of Nebraska Cornhuskers batting - Pitching for Oregon State University Beavers : RHP Rimbo Zhu
Batting: LHB Bob Appleby 0-0: Called Strike
0-1: SINGLE (Groundball, 4M, EV 101.9 MPH) (infield hit)
Batting: LHB Mike Rawson 0-0: Ball
1-0: Ball
Bob Appleby steals 2nd base
2-0: Swinging Strike
2-1: Fly out, F8 (Flyball, 8RD, EV 96.9 MPH)
Batting: RHB Tariq Garane 0-0: Ground out 4-3 (Groundball, 4S, EV 61.9 MPH)
Bob Appleby to third
Batting: SHB Phil Roper 0-0: Ball
1-0: Foul Ball, location: 2F
1-1: Ball
Wild Pitch!
Bob Appleby scores
2-1: Foul Ball, location: 2F
2-2: Strikes out swinging
Top of the 4th over - 1 run, 1 hit, 0 errors, 0 left on base; University of Nebraska 4 - Oregon State University 1
BOTTOM OF THE 4TH
Oregon State University Beavers batting - Pitching for University of Nebraska Cornhuskers : RHP Jimmy Fritcher
Batting: RHB Luis Flores 0-0: Called Strike
0-1: SINGLE (Flyball, 89S, EV 88.1 MPH)
Batting: RHB Steve Webb 0-0: Called Strike
0-1: Fly out, F8 (Flyball, 8LM, EV 84.4 MPH)
Batting: RHB Willie Lopez 0-0: Ball
1-0: Ball
2-0: Reached on error, E3 (Groundball, 3, EV 105.6 MPH)
Luis Flores to second
Batting: LHB Jason Trevarrow 0-0: Called Strike
0-1: Ball
1-1: Called Strike
1-2: Foul Ball, location: 2F
1-2: Strikes out swinging
Batting: LHB Jon Hamilton 0-0: Called Strike
0-1: Ball
1-1: Called Strike
1-2: Strikes out swinging
Bottom of the 4th over - 0 runs, 1 hit, 1 error, 2 left on base; University of Nebraska 4 - Oregon State University 1
TOP OF THE 5TH
University of Nebraska Cornhuskers batting - Pitching for Oregon State University Beavers : RHP Rimbo Zhu
Batting: RHB Mario Lopec 0-0: Called Strike
0-1: Foul Ball, location: 2F
0-2: Foul Ball, location: 2F
0-2: Ball
1-2: Ball
2-2: Foul Ball, location: 2F
2-2: Ball
3-2: TRIPLE (Line Drive, 7LD, EV 105.0 MPH)
Batting: RHB Danny Forbes 0-0: Foul Ball, location: 2F
0-1: Foul Ball, location: 2F
0-2: Strikes out swinging
Batting: RHB Zion Jones 0-0: Called Strike
0-1: Foul Ball, location: 2F
0-2: Ball
1-2: Ball
2-2: Foul Ball, location: 2F
2-2: Fly out, F9 (Flyball, 89D, EV 105.6 MPH)
Runner from 3rd tags up, SCORES, throw by RF
Pitching: RHP Nick Henry
Batting: LHB Jose Gonzalez 0-0: Ball
1-0: Ball
2-0: Called Strike
2-1: Foul Ball, location: 2F
2-2: Strikes out swinging
Top of the 5th over - 1 run, 1 hit, 0 errors, 0 left on base; University of Nebraska 5 - Oregon State University 1
BOTTOM OF THE 5TH
Oregon State University Beavers batting - Pitching for University of Nebraska Cornhuskers : RHP Jimmy Fritcher
Batting: SHB Sosaia Apelahama 0-0: Called Strike
0-1: Ball
1-1: Called Strike
1-2: Foul Ball, location: 2F
1-2: Foul Ball, location: 2F
1-2: Ball
2-2: Foul Ball, location: 2F
2-2: Ball
3-2: Strikes out swinging
Pitching: RHP Antonino Charno
Batting: RHB Kali Kartosuwiryo 0-0: Called Strike
0-1: Ground out 4-3 (Groundball, 4, EV 87.5 MPH)
Batting: LHB Sun-wei Kuai 0-0: Ball
1-0: Ground out 5-3 (Groundball, 5, EV 102.5 MPH)
Bottom of the 5th over - 0 runs, 0 hits, 0 errors, 0 left on base; University of Nebraska 5 - Oregon State University 1
TOP OF THE 6TH
University of Nebraska Cornhuskers batting - Pitching for Oregon State University Beavers : RHP Nick Henry
Batting: RHB Chris Anthony 0-0: Ball
1-0: SINGLE (Groundball, 56D, EV 95.6 MPH)
Batting: LHB Bob Appleby 0-0: Called Strike
Chris Anthony is caught stealing 2nd base 2-6
0-1: Ball
1-1: Ball
2-1: Ball
3-1: Called Strike
3-2: Foul Ball, location: 2F
3-2: Foul Ball, location: 2F
3-2: Foul Ball, location: 2F
3-2: Foul Ball, location: 2F
3-2: Fly out, F9 (Flyball, 89M, EV 91.2 MPH)
Batting: LHB Mike Rawson 0-0: Swinging Strike
0-1: Ball
1-1: Swinging Strike
1-2: Ball
2-2: Ball
3-2: Base on Balls
Batting: RHB Tariq Garane 0-0: Called Strike
0-1: Swinging Strike
0-2: Fly out, F3 (Popup, 34S, EV 75.6 MPH)
Top of the 6th over - 0 runs, 1 hit, 0 errors, 1 left on base; University of Nebraska 5 - Oregon State University 1
BOTTOM OF THE 6TH
Oregon State University Beavers batting - Pitching for University of Nebraska Cornhuskers : RHP Antonino Charno
Batting: RHB Yasuyuki Moriyama 0-0: Ball
1-0: Foul Ball, location: 2F
1-1: Foul Ball, location: 2F
1-2: Strikes out looking
Batting: RHB Luis Flores 0-0: Ground out 6-3 (Groundball, 6, EV 108.1 MPH)
Batting: RHB Steve Webb 0-0: Ball
1-0: Ball
2-0: Foul Ball, location: 2F
2-1: Ball
3-1: Called Strike
3-2: Base on Balls
Batting: RHB Willie Lopez 0-0: Called Strike
0-1: Ground out 3-1 (Groundball, 34, EV 81.2 MPH)
Bottom of the 6th over - 0 runs, 0 hits, 0 errors, 1 left on base; University of Nebraska 5 - Oregon State University 1
TOP OF THE 7TH
University of Nebraska Cornhuskers batting - Pitching for Oregon State University Beavers : RHP Nick Henry
Pitching: RHP Cody Alcaraz
Batting: SHB Phil Roper 0-0: Foul Ball, location: 2F
0-1: Ball
1-1: Called Strike
1-2: Ball
2-2: DOUBLE (Line Drive, 89XD, EV 99.4 MPH)
Batting: RHB Mario Lopec 0-0: Foul Ball, location: 2F
0-1: Foul Ball, location: 2F
0-2: SINGLE (Groundball, 6MD, EV 99.4 MPH)
Phil Roper to third
Runner from 3rd tries for Home, SAFE, throw by CF to home
Batting: RHB Danny Forbes 0-0: Ball
1-0: Ground out 4-3 (Groundball, 4, EV 86.2 MPH)
Mario Lopec to second
Batting: RHB Zion Jones 0-0: Called Strike
0-1: Foul Ball, location: 2F
0-2: SINGLE (Groundball, 6MD, EV 103.1 MPH)
Mario Lopec to third
Throwing error, E8
Mario Lopec scores
Zion Jones to second
Batting: LHB Jose Gonzalez 0-0: Ball
1-0: Called Strike
1-1: Swinging Strike
1-2: Foul Ball, location: 2F
1-2: Strikes out swinging
Batting: RHB Chris Anthony 0-0: SINGLE (Groundball, 6M, EV 96.9 MPH) (infield hit)
Zion Jones to third
Batting: LHB Bob Appleby 0-0: Ball
1-0: Ball
2-0: Called Strike
2-1: SINGLE (Groundball, 6S, EV 68.8 MPH) (infield hit)
Zion Jones scores
Chris Anthony to second
Batting: LHB Mike Rawson 0-0: Ball
1-0: Ball
2-0: Ball
3-0: Base on Balls
Chris Anthony to third
Bob Appleby to second
Batting: RHB Tariq Garane 0-0: Ball
1-0: Ball
2-0: Swinging Strike
2-1: Foul Ball, location: 2F
2-2: SINGLE (Line Drive, 34D, EV 98.8 MPH)
Chris Anthony scores
Bob Appleby to third
Mike Rawson to second
Pitching: LHP Mark Sander
Batting: SHB Phil Roper 0-0: Ball
1-0: DOUBLE (Groundball, 5L, EV 105.0 MPH)
Bob Appleby scores
Mike Rawson scores
Tariq Garane to third
Runner from 3rd tries for Home, SAFE, throw by LF to home
Batting: RHB Mario Lopec 0-0: Called Strike
0-1: Swinging Strike
0-2: Strikes out swinging
Top of the 7th over - 7 runs, 7 hits, 1 error, 1 left on base; University of Nebraska 12 - Oregon State University 1
BOTTOM OF THE 7TH
Oregon State University Beavers batting - Pitching for University of Nebraska Cornhuskers : RHP Antonino Charno
Batting: LHB Jason Trevarrow 0-0: Ball
1-0: Ball
2-0: Called Strike
2-1: DOUBLE (Flyball, 8RXD, EV 108.1 MPH)
Batting: LHB Jon Hamilton 0-0: Ball
1-0: Ball
2-0: Ball
3-0: Called Strike
3-1: Swinging Strike
3-2: Base on Balls
Pinch Hitting: RHB Rafael Ventura 0-0: Fly out, F3 (Line Drive, 3, EV 71.9 MPH)
Lined into DP, U3 (Line Drive, 3, EV 69.4 MPH)
Batting: RHB Kali Kartosuwiryo 0-0: Called Strike
0-1: Ball
1-1: Ball
2-1: Ground out 6-3 (Groundball, 6M, EV 88.1 MPH)
Bottom of the 7th over - 0 runs, 1 hit, 0 errors, 1 left on base; University of Nebraska 12 - Oregon State University 1
TOP OF THE 8TH
University of Nebraska Cornhuskers batting - Pitching for Oregon State University Beavers : LHP Mark Sander
Now in RF: Rafael Ventura
Batting: RHB Danny Forbes 0-0: Foul Ball, location: 2F
0-1: Called Strike
0-2: Strikes out looking
Batting: RHB Zion Jones 0-0: Called Strike
0-1: Ball
1-1: Ball
2-1: Fly out, F1 (Line Drive, P, EV 63.1 MPH)
Batting: LHB Jose Gonzalez 0-0: Called Strike
0-1: Called Strike
0-2: DOUBLE (Flyball, 9LD, EV 82.5 MPH)
Batting: RHB Chris Anthony 0-0: Ball
1-0: Ground out 1-3 (Groundball, 25, EV 63.8 MPH)
Top of the 8th over - 0 runs, 1 hit, 0 errors, 1 left on base; University of Nebraska 12 - Oregon State University 1
BOTTOM OF THE 8TH
Oregon State University Beavers batting - Pitching for University of Nebraska Cornhuskers : RHP Antonino Charno
Batting: LHB Sun-wei Kuai 0-0: Ball
1-0: Ball
2-0: Fly out, F6 (Popup, 6MS, EV 70.6 MPH)
Batting: RHB Yasuyuki Moriyama 0-0: Ball
1-0: Ball
2-0: Ball
3-0: Base on Balls
Pitching: RHP Jason Kelly
Batting: RHB Luis Flores 0-0: Foul Ball, location: 2F
0-1: Called Strike
0-2: Ball
1-2: Strikes out swinging
Batting: RHB Steve Webb 0-0: Ball
1-0: Ball
2-0: Ball
3-0: Base on Balls
Yasuyuki Moriyama to second
Batting: RHB Willie Lopez 0-0: Fly out, F7 (Flyball, 7D, EV 96.9 MPH)
Bottom of the 8th over - 0 runs, 0 hits, 0 errors, 2 left on base; University of Nebraska 12 - Oregon State University 1
TOP OF THE 9TH
University of Nebraska Cornhuskers batting - Pitching for Oregon State University Beavers : LHP Mark Sander
Batting: LHB Bob Appleby 0-0: Ball
1-0: Ball
2-0: Foul Ball, location: 2F
2-1: Swinging Strike
2-2: Strikes out swinging
Batting: LHB Mike Rawson 0-0: SINGLE (Groundball, 6S, EV 71.9 MPH) (infield hit)
Batting: RHB Tariq Garane 0-0: Ball
1-0: Reached on error, E3 (Groundball, 3, EV 100.6 MPH)
Mike Rawson to second
Batting: SHB Phil Roper 0-0: Ball
1-0: Swinging Strike
1-1: Ball
2-1: Grounds into double play, 5-4-3 (Groundball, 5, EV 101.9 MPH)
Top of the 9th over - 0 runs, 1 hit, 1 error, 1 left on base; University of Nebraska 12 - Oregon State University 1
BOTTOM OF THE 9TH
Oregon State University Beavers batting - Pitching for University of Nebraska Cornhuskers : RHP Jason Kelly
Batting: LHB Jason Trevarrow 0-0: Called Strike
0-1: Swinging Strike
0-2: Ball
1-2: Strikes out swinging
Batting: LHB Jon Hamilton 0-0: SOLO HOME RUN (Flyball, 89XD, EV 107.5 MPH), Distance : 404 ft
Batting: RHB Rafael Ventura 0-0: Ball
1-0: Called Strike
1-1: Ground out U3 (Groundball, 34, EV 106.2 MPH)
Batting: RHB Kali Kartosuwiryo 0-0: Called Strike
0-1: Called Strike
0-2: Ball
1-2: Ball
2-2: Foul Ball, location: 2F
2-2: SINGLE (Line Drive, 8RS, EV 111.9 MPH)
Batting: LHB Sun-wei Kuai 0-0: Ball
1-0: Foul Ball, location: 2F
1-1: SINGLE (Groundball, 6D, EV 94.4 MPH)
Kali Kartosuwiryo to second
Pitching: RHP Jorge Morales
Batting: RHB Yasuyuki Moriyama 0-0: Called Strike
0-1: Ball
1-1: Ball
2-1: Foul Ball, location: 2F
2-2: Ball
3-2: Foul Ball, location: 2F
3-2: Base on Balls
Kali Kartosuwiryo to third
Sun-wei Kuai to second
Batting: RHB Luis Flores 0-0: Ball
1-0: Called Strike
1-1: Swinging Strike
1-2: Foul Ball, location: 2F
1-2: Foul Ball, location: 2F
1-2: Ball
2-2: Ground out 5-3 (Groundball, 15, EV 86.9 MPH)
Bottom of the 9th over - 1 run, 3 hits, 0 errors, 3 left on base; University of Nebraska 12 - Oregon State University 2
Tuesday, March 28th , 2023 - OOTP Baseball 23.10 Build 110